BR
PLYMOUTH COCKS @ FORT COLLINS COMMONERS
08/11/2026
 
TOP OF THE 1ST
Plymouth Cocks batting - Pitching for Fort Collins Commoners : RHP Jesús Díaz
Pitching: RHP Jesús Díaz
Batting: RHB Pablo Hernández 0-0: Ball
1-0: Called Strike
1-1: Fly out, F9 (Flyball, 9M)
Batting: RHB Chase Wilkerson 0-0: Ball
1-0: Swinging Strike
1-1: Ball
2-1: SINGLE (Line Drive, 8LS)
Batting: RHB Tomás Díaz 0-0: Called Strike
0-1: SINGLE (Groundball, 6MD)
Chase Wilkerson to second
Batting: RHB Kelly Graham 0-0: Ball
1-0: Called Strike
1-1: Fly out, F7 (Flyball, 78M)
Batting: LHB José Guzmán 0-0: Swinging Strike
0-1: Fly out, F6 (Popup, 9LSF)
Top of the 1st over - 0 run(s), 2 hit(s), 0 error(s), 2 left on base; Plymouth 0 - Fort Collins 0
BOTTOM OF THE 1ST
Fort Collins Commoners batting - Pitching for Plymouth Cocks : RHP Ron Moore
Pitching: RHP Ron Moore
Batting: RHB Dennis Garner 0-0: Ball
1-0: Foul Ball, location: 2F
1-1: Ball
2-1: Ball
3-1: Called Strike
3-2: Foul Ball, location: 2F
3-2: Base on Balls
Batting: RHB Pedro García 0-0: Ball
1-0: Foul Ball, location: 2F
1-1: Ball
2-1: Foul Ball, location: 2F
2-2: Strikes out swinging
Batting: RHB Rich Henley 0-0: Ball
Dennis Garner is caught stealing 2nd base
1-0: Ball
2-0: Called Strike
2-1: Swinging Strike
2-2: Strikes out swinging
Bottom of the 1st over - 0 run(s), 0 hit(s), 0 error(s), 0 left on base; Plymouth 0 - Fort Collins 0
TOP OF THE 2ND
Plymouth Cocks batting - Pitching for Fort Collins Commoners : RHP Jesús Díaz
Batting: RHB Chris Hall 0-0: Foul Ball, location: 2F
0-1: SINGLE (Groundball, 6)
Batting: RHB Dan Duckworth 0-0: Ball
1-0: Called Strike
1-1: Ball
2-1: Swinging Strike
2-2: Strikes out swinging
Batting: LHB Greg Sharpe 0-0: Called Strike
0-1: Fly out, F3 (Popup, 3L)
Batting: LHB Will Elliott 0-0: Called Strike
0-1: Called Strike
Chris Hall steals 2nd base
0-2: Ball
1-2: Ball
2-2: Foul Ball, location: 2F
2-2: Ground out U3 (Groundball, 3S)
Top of the 2nd over - 0 run(s), 1 hit(s), 0 error(s), 1 left on base; Plymouth 0 - Fort Collins 0
BOTTOM OF THE 2ND
Fort Collins Commoners batting - Pitching for Plymouth Cocks : RHP Ron Moore
Batting: LHB Miguel Arteaga 0-0: Ball
1-0: Called Strike
1-1: Fly out, F4 (Line Drive, 4)
Batting: SHB Darren Ramsey 0-0: Fly out, F7 (Flyball, 78M)
Batting: SHB José García 0-0: Ball
1-0: Ball
2-0: Called Strike
2-1: Foul Ball, location: 2F
2-2: Strikes out looking
Bottom of the 2nd over - 0 run(s), 0 hit(s), 0 error(s), 0 left on base; Plymouth 0 - Fort Collins 0
TOP OF THE 3RD
Plymouth Cocks batting - Pitching for Fort Collins Commoners : RHP Jesús Díaz
Batting: RHB Pablo Hernández 0-0: Called Strike
0-1: Ball
1-1: Ball
2-1: Fly out, F9 (Flyball, 9M)
Batting: RHB Chase Wilkerson 0-0: Ball
1-0: Ball
2-0: Called Strike
2-1: Fly out, F6 (Popup, 6)
Batting: RHB Tomás Díaz 0-0: Ground out U3 (Groundball, 3L)
Top of the 3rd over - 0 run(s), 0 hit(s), 0 error(s), 0 left on base; Plymouth 0 - Fort Collins 0
BOTTOM OF THE 3RD
Fort Collins Commoners batting - Pitching for Plymouth Cocks : RHP Ron Moore
Batting: RHB Edgardo Morales 0-0: Ball
1-0: Fly out, F9 (Flyball, 89M)
Batting: RHB Monty Crawford 0-0: Ball
1-0: Called Strike
1-1: Ground out 6-3 (Groundball, 6MS)
Batting: LHB Lorenzo Vargas 0-0: Called Strike
0-1: Swinging Strike
0-2: Ball
1-2: Ball
2-2: Ball
3-2: Base on Balls
Batting: RHB Dennis Garner 0-0: Ball
1-0: Ground out 6-3 (Groundball, 6)
Bottom of the 3rd over - 0 run(s), 0 hit(s), 0 error(s), 1 left on base; Plymouth 0 - Fort Collins 0
TOP OF THE 4TH
Plymouth Cocks batting - Pitching for Fort Collins Commoners : RHP Jesús Díaz
Batting: RHB Kelly Graham 0-0: Ball
1-0: DOUBLE (Line Drive, 7LS)
Batting: LHB José Guzmán 0-0: Ball
1-0: Called Strike
1-1: Ball
2-1: Foul Ball, location: 2F
2-2: Strikes out swinging
Batting: RHB Chris Hall 0-0: Fly out, F5 (Popup, 25)
Batting: RHB Dan Duckworth 0-0: Fly out, F9 (Flyball, 89D)
Top of the 4th over - 0 run(s), 1 hit(s), 0 error(s), 1 left on base; Plymouth 0 - Fort Collins 0
BOTTOM OF THE 4TH
Fort Collins Commoners batting - Pitching for Plymouth Cocks : RHP Ron Moore
Batting: RHB Pedro García 0-0: Ball
1-0: Fly out, F8 (Flyball, 8RM)
Batting: RHB Rich Henley 0-0: Ball
1-0: Called Strike
1-1: Swinging Strike
1-2: Ball
2-2: Foul Ball, location: 2F
2-2: SINGLE (Line Drive, 8LS)
Batting: LHB Miguel Arteaga 0-0: 2-RUN HOME RUN (Flyball, 89XD), Distance : 408 ft
Batting: SHB Darren Ramsey 0-0: Called Strike
0-1: Called Strike
0-2: Ball
1-2: Strikes out swinging
Batting: SHB José García 0-0: Swinging Strike
0-1: Called Strike
0-2: Ball
1-2: Ground out 4-3 (Groundball, 4M)
Bottom of the 4th over - 2 run(s), 2 hit(s), 0 error(s), 0 left on base; Plymouth 0 - Fort Collins 2
TOP OF THE 5TH
Plymouth Cocks batting - Pitching for Fort Collins Commoners : RHP Jesús Díaz
Batting: LHB Greg Sharpe 0-0: Ball
1-0: Called Strike
1-1: Ball
2-1: Reached on error, E4 (Groundball, 4)
Batting: LHB Will Elliott 0-0: Called Strike
0-1: Ball
1-1: Foul Ball, location: 2F
1-2: Strikes out looking
Batting: RHB Pablo Hernández 0-0: Ball
1-0: Foul Ball, location: 2F
1-1: Ground out 1-3 (Groundball, 13)
Greg Sharpe to third
Batting: RHB Chase Wilkerson 0-0: Reached on error, E4 (Groundball, 34)
Greg Sharpe scores
Batting: RHB Tomás Díaz 0-0: Foul Ball, location: 2F
0-1: Called Strike
0-2: Ball
1-2: Fly out, F7 (Flyball, 78D)
Top of the 5th over - 1 run(s), 0 hit(s), 2 error(s), 1 left on base; Plymouth 1 - Fort Collins 2
BOTTOM OF THE 5TH
Fort Collins Commoners batting - Pitching for Plymouth Cocks : RHP Ron Moore
Batting: RHB Edgardo Morales 0-0: Fly out, F9 (Flyball, 9M)
Batting: RHB Monty Crawford 0-0: Ball
1-0: Ball
2-0: Ball
3-0: Base on Balls
Batting: LHB Lorenzo Vargas 0-0: Swinging Strike
0-1: Ball
1-1: Ball
2-1: SINGLE (Flyball, 78S)
Monty Crawford to second
Batting: RHB Dennis Garner 0-0: Called Strike
0-1: Called Strike
0-2: Ball
1-2: Foul Ball, location: 2F
1-2: Grounds into double play, 6-4-3 (Groundball, 6)
Bottom of the 5th over - 0 run(s), 1 hit(s), 0 error(s), 1 left on base; Plymouth 1 - Fort Collins 2
TOP OF THE 6TH
Plymouth Cocks batting - Pitching for Fort Collins Commoners : RHP Jesús Díaz
Batting: RHB Kelly Graham 0-0: Ball
1-0: Foul Ball, location: 2F
1-1: Ball
2-1: Fly out, F7 (Flyball, 78M)
Batting: LHB José Guzmán 0-0: Ball
1-0: Ball
2-0: Foul Ball, location: 2F
2-1: Swinging Strike
2-2: Foul Ball, location: 2F
2-2: Fly out, F8 (Popup, 4MD)
Batting: RHB Chris Hall 0-0: Foul Ball, location: 2F
0-1: Ground out 5-3 (Groundball, 5S)
Top of the 6th over - 0 run(s), 0 hit(s), 0 error(s), 0 left on base; Plymouth 1 - Fort Collins 2
BOTTOM OF THE 6TH
Fort Collins Commoners batting - Pitching for Plymouth Cocks : RHP Ron Moore
Batting: RHB Pedro García 0-0: Ball
1-0: Ball
2-0: Called Strike
2-1: Called Strike
2-2: Foul Ball, location: 2F
2-2: Strikes out swinging
Batting: RHB Rich Henley 0-0: Fly out, F2 (Popup, 13S)
Batting: LHB Miguel Arteaga 0-0: Called Strike
0-1: Ball
1-1: Called Strike
1-2: Ball
2-2: Ground out 4-3 (Groundball, 4)
Bottom of the 6th over - 0 run(s), 0 hit(s), 0 error(s), 0 left on base; Plymouth 1 - Fort Collins 2
TOP OF THE 7TH
Plymouth Cocks batting - Pitching for Fort Collins Commoners : RHP Jesús Díaz
Batting: RHB Dan Duckworth 0-0: Called Strike
0-1: Ball
1-1: SINGLE (Groundball, 56D)
Batting: LHB Greg Sharpe 0-0: Swinging Strike
0-1: Foul Ball, location: 2F
0-2: Reached on error, E1 (Groundball, 15)
Dan Duckworth to second
Pitching: RHP David Casteañón
Pinch Hitting: RHB Cipriano Baca 0-0: Sac Bunt - play at first, batter OUT! 1-4
Dan Duckworth to third
Greg Sharpe to second
Batting: RHB Pablo Hernández 0-0: Ball
1-0: Foul Ball, location: 2F
1-1: Foul Ball, location: 2F
1-2: Foul Ball, location: 2F
1-2: SINGLE (Groundball, 56D)
Dan Duckworth scores
Greg Sharpe to third
Runner from 3rd tries for Home, SAFE, no throw or cutoff
Batting: RHB Chase Wilkerson 0-0: Ball
1-0: Called Strike
1-1: Called Strike
Pablo Hernández is caught stealing 2nd base
1-2: SINGLE (Flyball, 89M)
Batting: RHB Tomás Díaz 0-0: Ball
1-0: Foul Ball, location: 2F
1-1: Foul Ball, location: 2F
1-2: Strikes out swinging
Top of the 7th over - 2 run(s), 3 hit(s), 1 error(s), 1 left on base; Plymouth 3 - Fort Collins 2
BOTTOM OF THE 7TH
Fort Collins Commoners batting - Pitching for Plymouth Cocks : RHP Ron Moore
Pitching: RHP Billy Jacobs
Now at 2B: Cipriano Baca
Batting: SHB Darren Ramsey 0-0: Foul Ball, location: 2F
0-1: Ball
1-1: Called Strike
1-2: Ball
2-2: Strikes out swinging
Batting: SHB José García 0-0: Ball
1-0: Ball
2-0: Ball
3-0: Base on Balls
Pinch Hitting: RHB Juan Castillo 0-0: Swinging Strike
0-1: Called Strike
0-2: Strikes out looking
Pinch Hitting: SHB José Gonzáles 0-0: Ball
Wild Pitch!
José García to second
1-0: Ball
2-0: Called Strike
2-1: Swinging Strike
2-2: Fly out, F5 (Popup, 5SF)
Bottom of the 7th over - 0 run(s), 0 hit(s), 0 error(s), 1 left on base; Plymouth 3 - Fort Collins 2
TOP OF THE 8TH
Plymouth Cocks batting - Pitching for Fort Collins Commoners : RHP David Casteañón
Now at 2B: Glen French
Now in RF: José Gonzáles
Batting: RHB Kelly Graham 0-0: Foul Ball, location: 2F
0-1: Ground out 5-3 (Groundball, 5S)
Batting: LHB José Guzmán 0-0: Called Strike
0-1: Ball
1-1: Ball
2-1: Ball
3-1: Called Strike
3-2: Ground out 4-3 (Groundball, 34)
Batting: RHB Chris Hall 0-0: Bunted foul
0-1: Ball
1-1: Ball
2-1: Ball
3-1: Foul Ball, location: 2F
3-2: Foul Ball, location: 2F
3-2: Foul Ball, location: 2F
3-2: Strikes out swinging
Top of the 8th over - 0 run(s), 0 hit(s), 0 error(s), 0 left on base; Plymouth 3 - Fort Collins 2
BOTTOM OF THE 8TH
Fort Collins Commoners batting - Pitching for Plymouth Cocks : RHP Billy Jacobs
Pitching: LHP Edwin Parker
Batting: LHB Lorenzo Vargas 0-0: Ball
1-0: Swinging Strike
1-1: Swinging Strike
1-2: Foul Ball, location: 2F
1-2: Strikes out swinging
Pitching: RHP Rich Wiggins
Batting: RHB Dennis Garner 0-0: Ball
1-0: Called Strike
1-1: Ground out 6-3 (Groundball, 6)
Batting: RHB Pedro García 0-0: Ball
1-0: Called Strike
1-1: Swinging Strike
1-2: Ball
2-2: Strikes out swinging
Bottom of the 8th over - 0 run(s), 0 hit(s), 0 error(s), 0 left on base; Plymouth 3 - Fort Collins 2
TOP OF THE 9TH
Plymouth Cocks batting - Pitching for Fort Collins Commoners : RHP David Casteañón
Pitching: RHP Dennis Wheeler
Batting: RHB Dan Duckworth 0-0: Ball
1-0: DOUBLE (Flyball, 9LM)
Pinch Hitting: RHB Jake Erickson 0-0: Swinging Strike
0-1: Ball
1-1: Swinging Strike
1-2: Foul Ball, location: 2F
1-2: Fly out, F8 (Flyball, 8LM)
Batting: RHB Cipriano Baca 0-0: Called Strike
0-1: Ball
1-1: Swinging Strike
1-2: Ball
2-2: Ball
3-2: Foul Ball, location: 2F
3-2: Foul Ball, location: 2F
3-2: Base on Balls
Batting: RHB Pablo Hernández 0-0: Ball
1-0: Ball
2-0: Swinging Strike
2-1: Swinging Strike
2-2: Strikes out looking
Pinch Hitting: RHB Phil Hacker 0-0: Ball
1-0: Swinging Strike
1-1: Swinging Strike
1-2: Strikes out swinging
Top of the 9th over - 0 run(s), 1 hit(s), 0 error(s), 2 left on base; Plymouth 3 - Fort Collins 2
BOTTOM OF THE 9TH
Fort Collins Commoners batting - Pitching for Plymouth Cocks : RHP Rich Wiggins
Pitching: RHP Dan Ramsey
Now at C: Jim Orr
Now in LF: Brian Jackson
Batting: RHB Rich Henley 0-0: Ball
1-0: Fly out, F6 (Line Drive, 6)
Batting: LHB Miguel Arteaga 0-0: Ball
1-0: Swinging Strike
1-1: Ball
2-1: Ball
3-1: Foul Ball, location: 2F
3-2: SINGLE (Line Drive, 56)
Pinch Hitting: RHB Mario Flores 0-0: Ball
1-0: Ball
2-0: Called Strike
2-1: Called Strike
2-2: Strikes out looking
Batting: SHB José García 0-0: Ball
1-0: Foul Ball, location: 2F
1-1: Fly out, F9 (Flyball, 9M)
Bottom of the 9th over - 0 run(s), 1 hit(s), 0 error(s), 1 left on base; Plymouth 3 - Fort Collins 2
Monday, December 5th, 2016 - OOTP Baseball 17.12 Build 75